 Dungeon Crawl Stone Soup version 0.31-a0-355-g57cb03d3e8 (console) character file.

Game seed: 8236583647764753752

2 petzl the Sneak (level 1, -2/18 HPs)
             Began as a Formicid Delver on July 24, 2023.
             Killed from afar by an orc wizard (7 damage)
             ... with a magic dart
             ... on level 5 of the Dungeon.
             The game lasted 00:00:28 (53 turns).

petzl the Sneak (Formicid Delver)                     Turns: 53, Time: 00:00:28

Health: -2/18      AC:  3    Str: 16    XL:     1   Next: 33%
Magic:  1/1        EV: 12    Int:  9    God:
Gold:   0          SH:  0    Dex: 15    Spells: 0/0 levels left

rFire   . . .        a - +0 mace
rCold   . . .        (no shield)
rNeg    . . .        b - +0 leather armour
rPois   .            (helmet unavailable)
rElec   .            (no cloak)
rCorr   .            (no gloves)
SInv    +            (no boots)
Will    .....        (no amulet)
Stlth   +++          (no ring)
HPRegen 0.23/turn    (no ring)
MPRegen 0.07/turn

%: no passive effects
@: no status effects
A: permanent stasis, dig shafts and tunnels, antennae 3, four strong arms
a: Dig, Shaft Self


You were on level 5 of the Dungeon.
You visited 1 branch of the dungeon, and saw 2 of its levels.

Inventory:

Hand Weapons
 a - a +0 mace (weapon)
Armour
 b - a +0 leather armour (worn)
Wands
 f - a wand of digging (3)
Scrolls
 c - a scroll of fog
 d - a scroll of revelation
 e - a scroll of fear


   Skills:
 + Level 3.3 Fighting
 + Level 2.0 Maces & Flails
 + Level 1.8 Dodging
 + Level 6.0 Stealth


You couldn't memorise any spells.
You didn't know any spells.
Your spell library was empty.

Dungeon Overview and Level Annotations

Branches:
Dungeon (6/15)
 Temple: D:4-7

Altars:


Innate Abilities, Weirdness & Mutations

You cannot be hasted, slowed, berserked, paralysed or teleported.
You can dig through walls and to a lower floor.
You have a pair of large antennae on your head. (SInv)
Your four strong arms can wield two-handed weapons with a shield.


Message History

You barely miss the orc.
The orc is moderately wounded.
The orc misses you. The orc hits you with a +0 club.
You completely miss the orc.
The orc is moderately wounded.
The orc hits you but does no damage.
You hit the orc.
The orc is almost dead.
The orc hits you with a +0 club.
You hit the orc.
You kill the orc!
An orc wizard and 2 orcs come into view.
The orc wizard shouts!
Things that are here:
a +0 club; an orc corpse An iguana comes into view.
The orc wizard gestures at you while chanting.
You are confused.
You aren't carrying any potions.
Unknown command.
You are too confused!
Unknown command.
Unknown command.
You're too confused to aim your attacks!
Unknown command.
Unknown command.
You are too confused!
Unknown command.
Unknown command.
The orc wizard points at you and mumbles some strange words.
The magic dart hits you.
The orc wizard gestures at you while chanting.
The magic dart hits you.
You feel less confused.
The orc wizard points at you and mumbles some strange words.
The magic dart hits you.
* * * LOW HITPOINT WARNING * * *
The orc wizard points at you and mumbles some strange words.
The magic dart hits you!
You die...

+....l.# .# #......##
o# {{ #....... o# {
#......###{# {
........#.# {{
#######..##.#.#
............).#
#########..##.###
...........##.#
####..o...##.#
#.........##.#
+............#
###....####.######
#.....o..........#.#
.........#..........#
#.#.#####.#.#.####.###
# #. #.#.#....# # #
#.#.#.##.# #@# #....#
#.#.#.####.#
#.#.#......# #
#.#.#.###### ..
#.#.#.#....#
##.##.#...#...##.#
.................#
#...#...#.######
.#.............
#...>........#
#..#.#..####(#
#....#..# # #....#..#
####.#..# .....#
#.##.# #.# .#


You could see an orc wizard.

Vanquished Creatures
  An orc (D:5)
1 creature vanquished.

Notes
Turn   | Place    | Note
-------+----------+-------------------------------------------
     0 | D:5      | petzl the Formicid Delver began the quest for the Orb.
     0 | D:5      | Reached XP level 1. HP: 18/18 MP: 1/1
     1 | D:6      | Noticed an iguana
    34 | D:5      | Noticed an orc wizard
    35 | D:5      | Noticed an iguana
    53 | D:5      | Killed from afar by an orc wizard

Illustrated notes

Levels and vault maps discovered:
D:5:      layout_basic, grunt_gozag_statues
D:6:      cheibrodos_barr_body, layout_cave_pools, nicolae_uskayaw_dance_hall,
          kennysheep_vampire_church

Action                     || total
---------------------------++-------
  Melee: Mace              ||     5
   Stab: Sleeping          ||     1
 Armour: Leather armour    ||     1
  Dodge: Dodged            ||     1

Table legend: (Time is in decaauts)
 A = Elapsed time spent in this place.
 B = Non-inter-level travel time spent in this place.
 C = Inter-level travel time spent in this place.
 D = Time resting spent in this place.
 E = Time spent auto-exploring this place.
 F = Levels seen in this place.
 G = Mean time per level.
                   A        B        C        D        E       F      G
               +--------+--------+--------+--------+--------+-----+--------+
         Total |     54 |     54 |      0 |      0 |     19 |   2 |   27.0 |
       Dungeon |     54 |     54 |      0 |      0 |     19 |   2 |   27.0 |
               +--------+--------+--------+--------+--------+-----+--------+

Top non-repeatable levels by time:
     D:5: 53 daAuts
     D:6: 1 daAuts
